 Dungeon Crawl Stone Soup version 0.31-a0-662-g684573625c (webtiles) character file.

Game seed: 13517161024170212683

48689 autismninja the Severer (level 14, -12/99 HPs)
             Began as a Human Fighter on Aug 29, 2023.
             Was a High Priest of Hepliaklqana.
             Mangled by a spriggan rider
             ... wielding a +0 heavy spear
              (18 damage)
             ... on level 5 of the Lair of Beasts on Sept 1, 2023.
             The game lasted 00:38:08 (24310 turns).

autismninja the Severer (Human Fighter)            Turns: 24310, Time: 00:38:08

Health: -12/99     AC: 17    Str: 21    XL:     14   Next: 88%
Magic:  14/14      EV:  6    Int: 14    God:    Hepliaklqana [*****.]
Gold:   910        SH:  5    Dex: 14    Spells: 13/13 levels left

rFire   . . .        f - +6 broad axe (freeze)
rCold   + . .        c - +0 buckler
rNeg    . . .        A - +0 plate armour
rPois   .            (no helmet)
rElec   +            y - +0 cloak
rCorr   .            h - +0 pair of gloves
SInv    .            (no boots)
Will    +....        k - amulet of Muxua {rElec rC+ Regen+} Stlth
                     n - ring of flight
HPRegen 1.16/turn    F - +6 ring of intelligence
MPRegen 0.14/turn

%: no passive effects
@: mighty, flying
A: reduced essence
a: Renounce Religion, Recall Ancestor, Ancestor Identity, Transference, Idealise


You were on level 5 of the Lair of Beasts.
You worshipped Hepliaklqana.
Hepliaklqana was extremely pleased with you.
You visited 3 branches of the dungeon, and saw 18 of its levels.
You also visited: Bailey.

You collected 910 gold pieces.

Inventory:

Hand Weapons
 a - a +7 war axe of venom
 f - a +6 broad axe of freezing (weapon)
Missiles
 w - 3 throwing nets
Armour
 c - a +0 buckler (worn)
 h - a +0 pair of gloves (worn)
 y - a +0 cloak (worn)
 A - a +0 plate armour (worn)
Jewellery
 k - the amulet of Muxua (around neck) {rElec rC+ Regen+}
   (You acquired it on level 4 of the Lair of Beasts)

   [amulet of regeneration]

   rC+:       It protects you from cold.
   rElec:     It insulates you from electricity.
   Regen+:    It increases your rate of health regeneration.
 m - an amulet of magic regeneration
 n - a ring of flight (left hand)
 F - a +6 ring of intelligence (right hand)
Talismans
 r - a beast talisman
Scrolls
 b - a scroll of fog
 i - 2 scrolls of immolation
 j - 2 scrolls of poison
 o - 9 scrolls of identify
 t - 2 scrolls of vulnerability
 u - a scroll of acquirement
 v - 3 scrolls of revelation
 z - 3 scrolls of noise
 E - a scroll of silence
Potions
 e - 5 potions of magic
 g - 3 potions of attraction
 l - a potion of brilliance
 p - 3 potions of mutation
 q - a potion of enlightenment
 s - 3 potions of cancellation
 B - 2 potions of resistance
Miscellaneous
 C - a tin of tremorstones (inert)


   Skills:
 * Level 10.9 Fighting
 * Level 20.3 Axes
 + Level 9.2 Armour
 + Level 4.5 Shields


You had 13 spell levels left.
You didn't know any spells.
Your spell library contained the following spells:

 Spells                   Type           Power      Damage    Failure   Level
 Apportation              Tloc           0%         N/A       99%         1
 Necrotise                Necr           0%         1d4       99%         1
 Summon Small Mammal      Summ           0%         N/A       99%         1
 Ensorcelled Hibernation  Hex/Ice        0%         N/A       100%        2
 Passwall                 Tmut/Erth      0%         N/A       100%        2
 Summon Guardian Golem    Hex/Summ       0%         N/A       100%        3
 Swiftness                Air            0%         N/A       100%        3
 Volatile Blastmotes      Fire/Tloc      0%         2d10      100%        3
 Fulminant Prism          Conj/Hex       0%         3d5       100%        4
 Iskenderun's Mystic Bla  Conj/Tloc      0%         2d3       100%        4
 Conjure Ball Lightning   Conj/Air       0%         3x3d6     100%        6
 Orb of Destruction       Conj           0%         9d5       100%        7
 Spellforged Servitor     Conj/Summ      0%         N/A       100%        7
 Discord                  Hex            0%         N/A       100%        8
 Disjunction              Tloc           0%         N/A       100%        8


Dungeon Overview and Level Annotations

Branches:
Dungeon (12/15)            Temple (1/1) D:5            Lair (5/5) D:10
  Swamp (0/4) Lair:2       Spider (0/4) Lair:3        Slime (0/5) Lair:5
    Orc (0/2) D:11         Bailey (visited)

Altars:
Ashenzari
Cheibriados
Dithmenos
Elyvilon
Fedhas
Gozag
Hepliaklqana
Kikubaaqudgha
Makhleb
Nemelex Xobeh
Okawaru
Qazlal
Ru
Sif Muna
Trog
Uskayaw
Vehumet
Wu Jian
Xom
Yredelemnul
Zin
The Shining One
Jiyva
Lugonu

Shops:
D:5 *   D:9 !

Portals:
Abyss: Lair:4

Annotations:
D:9 4 transporters
Lair:2 1 runed translucent door, Joey1's ghost, journeyman TrSh


Message History

You slash the hornet! You freeze the hornet.
The hornet is almost dead.
The hornet stings you!
You suddenly lose the ability to move!
The spriggan rider barely misses you.
The hornet stings you but does no damage.
You feel yourself speed up.
The hornet stings you but does no damage.
The spriggan rider hits you but does no damage.
The hornet stings you.
You are poisoned.
You feel yourself slow down.
You can move again.
Unknown command.
You slice the hornet!! You freeze the hornet.
You kill the hornet!
You feel very sick.
The spriggan rider hits you from afar with a +0 heavy spear.
* * * LOW HITPOINT WARNING * * *
You feel yourself speed up.
You feel sick.
Things that are here:
2 boomerangs; a hornet corpse Unknown command.
As you read the scroll of fog, it dissolves into smoke.
You feel sick.
The spriggan rider hits you but does no damage.
You feel sick.
You feel sick.
You feel sick.
The spriggan rider hits you from afar with a +0 heavy spear!
* * * LOW HITPOINT WARNING * * *
Okay, then.
You feel very mighty all of a sudden.
You feel sick.
You are no longer poisoned.
The spriggan rider hits you with a +0 heavy spear!
* * * LOW HITPOINT WARNING * * *
You miss the spriggan rider.
The spriggan rider hits you with a +0 heavy spear!!
You die...

#♣♣♣♣ ♣♣♣♣♣♣♣♣♣♣
#...♣♣♣♣♣♣§♣♣§§.).♣
#..†.♣♣.♣§@i§§♣♣♣..y..♣
######.♣♣♣..§§§♣♣♣♣♣
♣.Y.. ##.##...♣
♣♣♣♣♣§§♣ ... #..##.P.♣
♣♣..♣ . ......#.♣ ....
..........♣ ♣♣♣♣..
...........♣ ♣
#+#..##....♣
...#####...♣


You could see a spriggan rider.

Vanquished Creatures
  An orc warlord (Bailey)
  2 hydras
  A boulder beetle (Lair:5)
  3 two-headed ogres
  Amaemon (Lair:2)
  Sonja (D:10)
  A skyshark (Lair:3)
  A will-o-the-wisp (Lair:2)
  16 elephants
  2 black mambas (Lair:5)
  6 cane toads
  Jeremiah (D:7)
  6 rime drakes
  5 komodo dragons
  A polar bear (Lair:3)
  Prince Ribbit (D:7)
  2 hornets (Lair:5)
  7 blink frogs
  A dream sheep (Lair:5)
  5 slime creatures
  2 jumping spiders (Lair:3)
  A culicivora (Lair:3)
  4 wyverns
  19 yaks
  A wraith (D:10)
  3 basilisks
  Grum (D:11)
  2 steam dragons
  2 wargs
  8 water moccasins
  5 orc warriors
  5 sky beasts
  5 black bears
  4 ice beasts
  An ogre (D:3)
  A boggart (Lair:5)
  14 wolves
  3 centaurs
  2 phantoms
  Blork the orc (D:5)
  5 bullfrogs
  2 scorpions
  7 wights
  A hornet simulacrum (D:8)
  20 killer bees
  4 howler monkeys
  5 electric eels
  A jelly (D:4)
  2 hounds (D:6)
  5 orc priests
  2 gnoll boudas
  2 sleepcaps
  An iguana (D:7)
  9 orc wizards
  2 killer bee simulacra (D:8)
  11 gnolls
  14 adders
  A shadow imp (D:7)
  A white imp (D:8)
  A howler monkey simulacrum (D:8)
  An ufetubus (D:8)
  2 worms (D:2)
  4 dart slugs
  35 orcs
  11 bats
  6 endoplasms
  2 giant cockroaches (D:2)
  11 goblins
  6 hobgoblins
  10 jackals
  12 kobolds
  5 quokkas
  9 ball pythons
  7 frilled lizards
  5 rats
  2 lurking horrors (Lair:4)
372 creatures vanquished.

Vanquished Creatures (collateral kills)
  Erolcha (D:11)
  2 hydras
  Erica (Lair:2)
  A wolf spider (Lair:3)
  5 elephants
  2 black mambas
  Maurice (D:11)
  An orange demon (Lair:2)
  5 cane toads
  4 komodo dragons
  3 polar bears (D:8)
  6 blink frogs
  2 spriggans (Lair:5)
  A wraith (D:9)
  An unseen horror simulacrum (D:8)
  17 yaks
  2 basilisks
  A steam dragon (D:7)
  An acid dragon (D:9)
  4 water moccasins
  2 orc warriors (Bailey)
  9 wolves
  4 bullfrogs
  A gnoll sergeant (D:10)
  2 wights (D:8)
  15 killer bees
  An electric eel (D:10)
  A gnoll bouda (D:8)
  5 orc priests
  3 orc wizards
  8 gnolls
  8 orcs
  4 hobgoblins (Bailey)
  9 kobolds (Bailey)
  4 goblins
137 creatures vanquished.

Vanquished Creatures (others)
  2 ancestors (D:8)
  9 battlemagi
  6 foxfires (Lair:2)
17 creatures vanquished.

Grand Total: 526 creatures vanquished

Notes
Turn   | Place    | Note
-------+----------+-------------------------------------------
     0 | D:1      | autismninja the Human Fighter began the quest for the Orb.
     0 | D:1      | Reached XP level 1. HP: 18/18 MP: 1/1
   110 | D:1      | Reached XP level 2. HP: 16/24 MP: 2/2
   313 | D:1      | Reached skill level 3 in Axes
   348 | D:1      | Reached XP level 3. HP: 29/29 MP: 3/3
   893 | D:2      | Reached skill level 4 in Axes
   893 | D:2      | Reached XP level 4. HP: 33/35 MP: 4/4
  1393 | D:2      | Identified the +0 short sword "Gigoxuxoa" {drain, rC+ rN+
                  | Str+2}
  1932 | D:3      | Reached XP level 5. HP: 41/41 MP: 5/5
  2087 | D:3      | Identified the +3 hand axe of Tender Mercy {pain, Int+6
                  | Dex+8}
  2118 | D:3      | Reached skill level 5 in Axes
  2207 | D:3      | Identified the +2 ring mail "Wennudut" {Harm rC+ rN+ Int-3}
  2472 | D:3      | Noticed a centaur
  2482 | D:3      | Killed a centaur
  2483 | D:3      | Reached skill level 6 in Axes
  2483 | D:3      | Reached XP level 6. HP: 25/47 MP: 6/6
  2662 | D:3      | Noticed an ogre
  2665 | D:3      | Killed an ogre
  3120 | D:4      | Reached skill level 7 in Axes
  3120 | D:4      | Reached XP level 7. HP: 22/52 MP: 7/7
  3411 | D:4      | HP: 3/78 [gnoll/+0 halberd[a gnoll bouda] (8)]
  3951 | D:4      | Reached skill level 8 in Axes
  4067 | D:4      | Reached XP level 8. HP: 52/58 MP: 8/8
  4154 | D:5      | Entered Level 5 of the Dungeon
  4154 | D:5      | Found Ocoum's General Store.
  4159 | D:5      | Found a staircase to the Ecumenical Temple.
  4181 | Temple   | Entered the Ecumenical Temple
  4202 | Temple   | Became a worshipper of Hepliaklqana the Forgotten
  4246 | D:5      | Reached skill level 9 in Axes
  4469 | D:5      | Upgraded the game from 0.31-a0-654-gbe3e110b4e to
                  | 0.31-a0-656-gb4d89c20fa
  4618 | D:5      | Noticed Blork the orc
  4636 | D:5      | Killed Blork the orc
  5167 | D:6      | Reached skill level 10 in Axes
  5202 | D:6      | Reached XP level 9. HP: 55/63 MP: 9/9
  5287 | D:6      | Reached skill level 11 in Axes
  5696 | D:6      | Identified the +0 ring mail of Zin's Fury {Fly rPois rF+
                  | rC+}
  5719 | D:6      | Reached * piety under Hepliaklqana
  5843 | D:7      | Reached skill level 12 in Axes
  6214 | D:7      | Noticed Jeremiah
  6228 | D:7      | Killed Jeremiah
  6229 | D:7      | Reached skill level 13 in Axes
  6229 | D:7      | Reached XP level 10. HP: 45/63 MP: 10/10
  6299 | D:7      | Noticed Prince Ribbit
  6330 | D:7      | Killed Prince Ribbit
  6621 | D:8      | Found a snail-covered altar of Cheibriados.
  6650 | D:8      | Reached skill level 14 in Axes
  7083 | D:8      | Reached ** piety under Hepliaklqana
  7093 | D:8      | Remembered your ancestor cockroach as a battlemage
  7147 | D:8      | Reached skill level 15 in Axes
  7939 | D:8      | Reached XP level 11. HP: 55/67 MP: 11/11
  7996 | D:8      | HP: 1/55 [wight/+2 great sword (5)]
  8988 | D:8      | Reached skill level 16 in Axes
 10052 | D:9      | Reached *** piety under Hepliaklqana
 10072 | D:9      | Upgraded the game from 0.31-a0-656-gb4d89c20fa to
                  | 0.31-a0-662-g684573625c
 10120 | D:9      | Found a transporter.
 10122 | D:9      | Found a transporter.
 10262 | D:9      | Found a transporter.
 10508 | D:9      | Identified the +4 orcbow "Maruzoug" {antimagic, rF+ rC+
                  | Str+3 Stlth+}
 10577 | D:9      | Found Kuakog's Distillery.
 10606 | D:9      | Found a transporter.
 10849 | D:9      | Reached skill level 17 in Axes
 11065 | D:10     | Entered Level 10 of the Dungeon
 11469 | D:10     | Found a flagged portal.
 11474 | D:10     | Found a staircase to the Lair.
 11487 | Bailey   | Entered a bailey
 11492 | Bailey   | Noticed an orc warlord
 11593 | Bailey   | Found a runed translucent gate.
 11611 | Bailey   | Found a runed translucent gate.
 11619 | Bailey   | Found a runed translucent gate.
 11844 | Bailey   | Killed an orc warlord
 11845 | Bailey   | Reached XP level 12. HP: 24/72 MP: 4/12
 12151 | D:10     | Identified the +7 scale mail of Fyliduk {Str+3}
 12208 | D:10     | Found a bloodstained altar of Trog.
 12270 | D:10     | Noticed Sonja
 12277 | D:10     | Killed Sonja
 12278 | D:10     | Reached skill level 18 in Axes
 13223 | D:11     | Noticed a two-headed ogre
 13231 | D:11     | Killed a two-headed ogre
 13253 | D:11     | Noticed a two-headed ogre
 13735 | D:10     | Killed a two-headed ogre
 14203 | D:11     | Noticed Grum
 14209 | D:11     | Killed Grum
 14284 | D:11     | Found a staircase to the Orcish Mines.
 14407 | D:11     | Noticed Maurice
 14409 | D:11     | Noticed a two-headed ogre
 14415 | D:11     | Killed Maurice
 14419 | D:11     | Killed a two-headed ogre
 14725 | D:11     | Noticed Erolcha
 14733 | D:11     | Killed Erolcha
 14775 | D:11     | Reached **** piety under Hepliaklqana
 15895 | Lair:1   | Entered Level 1 of the Lair of Beasts
 15921 | Lair:1   | Reached skill level 19 in Axes
 16272 | Lair:1   | Reached skill level 5 in Armour
 16279 | Lair:1   | Reached skill level 5 in Fighting
 16326 | Lair:1   | Reached XP level 13. HP: 54/81 MP: 10/13
 16725 | Lair:1   | You fall into a shaft and drop 1 floor!
 16747 | Lair:2   | Noticed Amaemon
 17593 | Lair:2   | Killed Amaemon
 17697 | Lair:2   | Noticed Erica
 17706 | Lair:2   | Killed Erica
 17764 | Lair:2   | Found a runed translucent door.
 17764 | Lair:2   | Noticed Joey1's ghost (journeyman TrSh)
 17905 | Lair:2   | Found a staircase to the Swamp.
 18629 | Lair:2   | Reached ***** piety under Hepliaklqana
 19568 | Lair:3   | Noticed a seven-headed hydra
 20900 | Lair:3   | Reached XP level 14. HP: 76/95 MP: 10/14
 21166 | Lair:3   | Found a hole to the Spider Nest.
 21866 | Lair:4   | Acquired the amulet of Muxua {rElec rC+ Regen+}
 22085 | Lair:4   | Reached skill level 20 in Axes
 22892 | Lair:3   | Reached skill level 10 in Fighting
 23434 | Lair:4   | Found a one-way gate to the infinite horrors of the Abyss.
 23435 | Lair:4   | Found a corrupted altar of Lugonu.
 23650 | Lair:5   | Entered Level 5 of the Lair of Beasts
 23993 | Lair:5   | Found a viscous altar of Jiyva.
 23993 | Lair:5   | Found a staircase to the Slime Pits.
 24295 | Lair:5   | Paralysed by a hornet for 1 turns
 24300 | Lair:5   | Paralysed by a hornet for 2 turns
 24310 | Lair:5   | Mangled by a spriggan rider

Illustrated notes

Levels and vault maps discovered:
D:1:      lemuel_arrival_river_bridge, layout_basic, serial_forest,
          infiniplex_forest_clump_tiny, infiniplex_forest_clump_tiny,
          infiniplex_forest_straight_5, infiniplex_forest_lined_ring,
          infiniplex_forest_corner_1, infiniplex_forest_corner_2,
          infiniplex_forest_end_3, infiniplex_forest_straight_3
D:2:      layout_basic, hangedman_feature_mirror, hangedman_decor_growths,
          minmay_pentomino_u4
D:3:      layout_basic, grunt_decor_resistance
D:4:      black_bear_nest_2, layout_rooms
D:5:      layout_basic, minmay_temple_entry_overgrown, serial_shops, shop,
          uniq_blork_the_orc
D:6:      layout_cave_pools
D:7:      layout_rooms, chequers_mini_garden, uniq_prince_ribbit1, uniq_jeremiah
D:8:      layout_basic, kennysheep_slug_shrine, serial_ice, serial_ice_m,
          serial_ice_g, serial_ice_a, serial_ice_o, serial_ice_c, serial_ice_j,
          serial_ice_e, serial_ice_n
D:9:      layout_basic, serial_shops, shop, nicolae_diode_intersection
D:10:     layout_basic, bloody_trog, lair_entry_dummy, enter_bailey_5,
          uniq_sonja
D:11:     layout_irregular_city, erik_orc_4, uniq_maurice, uniq_grum,
          uniq_erolcha
D:12:     layout_stronghold, gauntlet_entry_generic,
          portal_ice_cave_entry_pillars_2
Temple:   nicolae_temple_slightly_damp_pantheon
Lair:1:   layout_chaotic_city
Lair:2:   layout_hall_layers, minmay_swamp_entry_wisps, serial_rivers,
          chequers_serial_rivers_micro_a, chequers_serial_rivers_small_b,
          chequers_serial_rivers_micro_e, chequers_serial_rivers_micro_a,
          chequers_serial_rivers_small_b, chequers_serial_rivers_large_b,
          gammafunk_ghost_grave, infiniplex_staircase_pool_2, uniq_erica,
          uniq_amaemon
Lair:3:   layout_cave_shapes, spider_nest_entry_funnel_web, grunt_megastairs_3,
          serial_bayou_shore_b
Lair:4:   layout_loops_ring, amcnicky_altar_lugonu_corruption
Lair:5:   minmay_lair_end_enchanted_forest, layout_regular_city, slime_entry_1,
          grunt_forest_small_clearings

Skill      XL: |  1  2  3  4  5  6  7  8  9 10 11 12 13 14 |
---------------+-------------------------------------------+-----
Axes           | 3 4 6 7 8 10 13 15 17 19 20 | 20.3
Armour         | 5 7 9 |  9.2
Fighting       | 5 8 10 | 10.9
Shields        | 4 |  4.5

Action                     |  1- 3 |  4- 6 |  7- 9 | 10-12 | 13-15 || total
---------------------------+-------+-------+-------+-------+-------++-------
  Melee: War axe           |    97 |   192 |   173 |   327 |       ||   789
         Broad axe         |       |       |       |    55 |   320 ||   375
 Invoke: Ancestor Life: Ba |       |       |       |     1 |       ||     1
         Ancestor Identity |       |       |       |     1 |       ||     1
         Recall Ancestor   |       |       |       |     1 |     4 ||     5
         Idealise          |       |       |       |       |     1 ||     1
  Evoke: Wand              |       |     1 |    14 |    10 |     5 ||    30
         Tin of tremorston |       |       |       |     2 |     3 ||     5
    Use: Scroll            |       |     6 |     7 |    17 |    11 ||    41
         Potion            |       |       |     6 |    15 |     8 ||    29
   Stab: Distracted        |       |       |       |     8 |     7 ||    15
 Armour: Scale mail        |    74 |   112 |    24 |       |       ||   210
         Skin              |       |       |     4 |       |       ||     4
         Chain mail        |       |       |    33 |   133 |       ||   166
         Plate armour      |       |       |       |   146 |   415 ||   561
  Dodge: Dodged            |    60 |   133 |    55 |   129 |    84 ||   461
  Block: Buckler           |    32 |    59 |    42 |    75 |    80 ||   288

Table legend: (Time is in decaauts)
 A = Elapsed time spent in this place.
 B = Non-inter-level travel time spent in this place.
 C = Inter-level travel time spent in this place.
 D = Time resting spent in this place.
 E = Time spent auto-exploring this place.
 F = Levels seen in this place.
 G = Mean time per level.
                   A        B        C        D        E       F      G
               +--------+--------+--------+--------+--------+-----+--------+
         Total |  24247 |  23632 |    615 |   9505 |  10954 |  19 | 1276.2 |
       Dungeon |  15456 |  15043 |    413 |   5155 |   8029 |  12 | 1288.0 |
        Temple |     45 |      5 |     40 |      0 |      0 |   1 |   45.0 |
          Lair |   8091 |   7929 |    162 |   3996 |   2905 |   5 | 1618.2 |
        Bailey |    653 |    653 |      0 |    353 |     20 |   1 |  653.0 |
               +--------+--------+--------+--------+--------+-----+--------+

Top non-repeatable levels by time:
     D:8: 3236 daAuts
  Lair:2: 3110 daAuts
    D:10: 2722 daAuts
  Lair:3: 2343 daAuts
    D:11: 1551 daAuts
  Lair:1: 1344 daAuts
     D:2: 1207 daAuts
     D:4: 1192 daAuts
     D:9: 1140 daAuts
     D:3: 1066 daAuts
     D:5: 945 daAuts
     D:7: 824 daAuts
     D:1: 773 daAuts
     D:6: 660 daAuts
  Lair:4: 653 daAuts
